 Dungeon Crawl Stone Soup version 0.30-a0-1016-gfb0d676c02 (webtiles) character file.

Game seed: 11938475677567192855

53132 Farfigtubin the Severer (level 14, 0/133 HPs)
             Began as a Hill Orc Fighter on Mar 31, 2023.
             Was an Elder of Beogh.
             Succumbed to a black mamba's poison
             ... on level 1 of the Snake Pit on Apr 7, 2023.
             The game lasted 03:13:07 (20469 turns).

Farfigtubin the Severer (Hill Orc Fighter)         Turns: 20469, Time: 03:13:08

Health: 0/133      AC: 31    Str: 27    XL:     14   Next: 67%
Magic:  1/23       EV:  7    Int:  8    God:    Beogh [****..]
Gold:   2244       SH: 12    Dex: 13    Spells: 13/13 levels left

rFire   x . .      SeeInvis .    P - +6 long sword of Fate {venom, rPois Dex+3}
rCold   + . .      Faith    .    i - +0 kite shield
rNeg    . . .      Spirit   .    u - +9 plate armour {ponderous}
rPois   +          Reflect  .    (no helmet)
rElec   .          Rampage  .    Q - +2 cloak
rCorr   .                        (no gloves)
Will    ++...                    n - +1 pair of boots Stlth
                                 (no amulet)
HPRegen 0.42/turn                J - ring of the Scarab {Ice Str+3 Slay+4}
MPRegen 0.18/turn                w - ring of willpower

@: lethally poisoned (0 -> -9), slow
A: inability to drink after injury 1
a: Renounce Religion, Smiting, Recall Orcish Followers


You were on level 1 of the Snake Pit.
You worshipped Beogh.
Beogh was greatly pleased with you.
You visited 5 branches of the dungeon, and saw 20 of its levels.
You also visited: Sewer and Ice Cave.

You collected 2244 gold pieces.

Inventory:

Hand Weapons
 a - a +0 war axe
 P - the +6 long sword of Fate (weapon) {venom, rPois Dex+3}
   (You found it on level 10 of the Dungeon)

   Dex:       It affects your dexterity (+3).
   rPois:     It protects you from poison.
 T - the +11 battleaxe of Blood-Lust {heavy, Contam rPois Dex+5}
   (You found it on level 5 of the Lair of Beasts)

   Dex:       It affects your dexterity (+5).
   rPois:     It protects you from poison.
   Contam:    It causes magical contamination when unequipped.
Missiles
 h - 19 poisoned darts
 p - 11 boomerangs (quivered)
 x - 7 curare-tipped darts
 C - 5 atropa-tipped darts
 I - a throwing net
 X - 2 javelins
Armour
 f - a +2 buckler of cold resistance
 g - a +2 plate armour of cold resistance
 i - a +0 kite shield (worn)
 n - a +1 pair of boots (worn)
 u - a +9 plate armour of ponderousness (worn)
 Q - a +2 cloak (worn)
Jewellery
 q - an amulet of faith
 w - a ring of willpower (right hand)
 y - a ring of protection from fire
 J - the ring of the Scarab (left hand) {Ice Str+3 Slay+4}
   (You found it on level 9 of the Dungeon)

   [ring of ice]

   It enhances your ice magic.
   Str:       It affects your strength (+3).
   Slay:      It affects your accuracy & damage with ranged weapons and melee
   (+4).
   rF:        It makes you vulnerable to fire.
   rC:        It protects you from cold.
 N - a ring of flight
 S - a ring of protection from cold
 V - a ring of resist corrosion
Wands
 e - a wand of polymorph (15)
 j - a wand of paralysis (12)
 m - a wand of flame (6)
 O - a wand of roots (10)
Scrolls
 b - 2 scrolls of enchant armour {unknown}
 k - 13 scrolls of teleportation
 l - a scroll of noise {unknown}
 s - 7 scrolls of magic mapping
 t - 4 scrolls of fear
 A - a scroll of butterflies {unknown}
 D - 2 scrolls of blinking {unknown}
 F - 2 scrolls of identify
 G - 2 scrolls of enchant weapon {unknown}
 H - 3 scrolls of fog
 K - a scroll of immolation {unknown}
 L - a scroll of amnesia {unknown}
 U - a scroll of acquirement {unknown}
 W - a scroll of poison {unknown}
 Y - a scroll of vulnerability
Potions
 c - 3 potions of ambrosia
 d - 4 potions of might
 o - 4 potions of lignification
 r - 3 potions of berserk rage
 z - a potion of resistance
 B - 2 potions of attraction
 E - 6 potions of flight
 M - a potion of mutation
 R - a potion of invisibility {unknown}


   Skills:
 + Level 14.6 Fighting
 + Level 0.8 Long Blades
 - Level 16.1 Axes
 + Level 13.0 Armour
 * Level 12.9 Shields
 + Level 12.4 Invocations


You had 13 spell levels left.
You didn't know any spells.
Your spell library contained the following spells:

 Spells                   Type           Power      Damage    Failure   Level
 Foxfire                  Conj/Fire      0%         2x1d4     99%         1
 Magic Dart               Conj           0%         1d3       99%         1
 Sandblast                Erth           0%         2d4       99%         1
 Slow                     Hex            0%         N/A       99%         1
 Passwall                 Tmut/Erth      0%         N/A       100%        2
 Confusing Touch          Hex            0%         N/A       100%        3
 Inner Flame              Hex/Fire       0%         N/A       100%        3
 Portal Projectile        Hex/Tloc       0%         N/A       100%        3
 Stone Arrow              Conj/Erth      0%         3d7       100%        3
 Tukima's Dance           Hex            0%         N/A       100%        3
 Vampiric Draining        Necr           0%         2d6       100%        3
 Airstrike                Air            0%         2d(0-16)  100%        4
 Cause Fear               Hex            0%         N/A       100%        4
 Summon Lightning Spire   Summ/Air       0%         N/A       100%        4
 Blade Hands              Tmut           0%         N/A       100%        5
 Plasma Beam              Fire/Air       0%         2x1d11    100%        6
 Discord                  Hex            0%         N/A       100%        8


Dungeon Overview and Level Annotations

Branches:
Dungeon (11/15)            Temple (1/1) D:4            Lair (5/5) D:9
 Shoals (0/4) Lair:3        Snake (1/4) Lair:3        Slime (0/5) Lair:4
    Orc (2/2) D:9             Elf (0/3) Orc:2         Sewer (visited)
  IceCv (visited)

Altars:
Ashenzari
Cheibriados
Dithmenos
Elyvilon
Fedhas
Gozag
Hepliaklqana
Kikubaaqudgha
Makhleb
Nemelex Xobeh
Okawaru
Qazlal
Ru
Sif Muna
Trog
Uskayaw
Vehumet
Wu Jian
Xom
Yredelemnul
Zin
The Shining One
Jiyva

Shops:
D:7 *   Orc:1 [   Orc:2 [[(

Annotations:
D:7 3 runed translucent doors, dredge's ghost, novice HuBe; roninjake's ghost, novice MiFi
D:9 3 runed translucent doors, exclusion: ice statue, math4jedi's ghost, novice MiBe


Innate Abilities, Weirdness & Mutations

You occasionally lose the ability to drink potions when taking damage.


Message History

The black mamba bites you but does no damage.
You barely miss the naga.
The naga is moderately wounded.
You block the black mamba's attack. The black mamba barely misses you.
Gorg miscasts a cantrip.
The black mamba bites you! You block the naga's attack.
The naga barely misses you.
Bogdar hits the naga but does no damage.
The black mamba bites you.
The black mamba bites you but does no damage.
Gorg mumbles some strange prayers to Beogh against the black mamba.
The black mamba writhes in agony.
You hit the naga.
The naga is heavily wounded.
The black mamba bites you but does no damage.
You block the black mamba's attack. x2; The naga hits you with a +0 mace!
The naga grabs you. The naga constricts you. The black mamba bites you!
* * * LOW HITPOINT WARNING * * *
You are poisoned.
The black mamba poisons you!
Bogdar barely misses the naga.
Gorg hits the black mamba with a +0 mace!
The black mamba bites you but does no damage.
Bogdar barely misses the naga.
The black mamba bites you.
* * * LOW HITPOINT WARNING * * *
You block the naga's attack. The naga constricts you.
* * * LOW HITPOINT WARNING * * *
You slice the naga!!
You kill the naga!
Beogh accepts your kill.
* * * LOW HITPOINT WARNING * * *
You feel very sick. You block the black mamba's attack.
The black mamba bites you!
* * * LOW HITPOINT WARNING * * *
Gorg completely misses the black mamba.
You block the black mamba's attack.
The black mamba bites you but does no damage.
Bogdar hits the black mamba with a +1 flail!
Gorg hits the black mamba with a +0 mace.
You hit the black mamba.
The black mamba is severely wounded.
You die...

##. ..# . ##.. ....##
...###########... ......
.....>.......... ......#
................
....$..##...............
.....#..###.##....###...
......So....###..#..##..
......)@.............##.
.....)So..............#.
.......)###########...#.
.......## ...#. ......#
.##. ...... ##.. ......
##########... ......
.............
.............


You could see 2 black mambas, the friendly Bogdar the orc knight and the
friendly Gorg the orc priest (strong).

Vanquished Creatures
  A white draconian (IceCv)
  A hydra (Lair:2)
  Fannar (D:10)
  9 two-headed ogres
  Erica (Orc:1)
  A skyshark (Lair:3)
  A naga ritualist (Snake:1)
  A swamp dragon (Lair:5)
  A necromancer (Lair:3)
  A mana viper (Snake:1)
  Pikel (D:6)
  A wolf spider (Lair:5)
  A cyclops (Orc:1)
  3 elephants
  7 black mambas
  2 ice statues (IceCv)
  A naga mage (Lair:3)
  4 cane toads
  An unseen horror (D:11)
  An unseen horror zombie (D:9)
  4 komodo dragons
  6 rime drakes
  A queen bee (Lair:2)
  A troll (D:9)
  A polar bear (Lair:4)
  3 blink frogs (Lair:2)
  A hornet (D:11)
  Prince Ribbit (D:6)
  4 dream sheep (Lair:5)
  Sigmund (D:2)
  2 vampires (D:11)
  4 wyverns
  2 shadows (D:9)
  2 wraiths
  9 yaks
  Edmund (D:6)
  Menkaure (D:7)
  2 wargs (Orc:2)
  3 acid dragons
  3 nagas
  9 water moccasins
  6 orc warriors
  An ice beast (D:6)
  A sky beast (D:6)
  13 ogres
  2 black bears
  3 centaurs
  4 wolves (D:9)
  A phantom (D:5)
  4 bullfrogs
  3 kobold brigands
  A lemure (D:6)
  3 scorpions
  8 wights (D:9)
  A lindwurm simulacrum (IceCv)
  38 killer bees
  4 electric eels
  5 komodo dragon simulacra (IceCv)
  2 gnoll boudas
  7 hounds
  2 jellies
  9 orc priests
  3 sleepcaps
  4 iguanas
  Terence (D:2)
  9 hell rats
  5 orc wizards
  A yak simulacrum (Lair:3)
  2 polar bear simulacra (Lair:3)
  A wolf simulacrum (Lair:3)
  4 acid dragon simulacra (IceCv)
  7 gnolls
  2 howler monkey zombies (D:9)
  11 adders
  3 white imps
  7 steam dragon simulacra (IceCv)
  2 dart slugs
  20 orcs
  12 ball pythons
  5 bats
  8 endoplasms
  6 giant cockroaches
  6 goblins
  2 hobgoblins
  14 jackals
  37 kobolds
  7 quokkas
  8 frilled lizards
  3 rats
  A river rat simulacrum (Lair:3)
410 creatures vanquished.

Vanquished Creatures (collateral kills)
  Frances (Lair:3)
  An orc warlord (Orc:2)
  A fire dragon (Lair:5)
  4 hydras
  4 ogre magi (Orc:2)
  8 two-headed ogres
  A catoblepas (Lair:1)
  Amaemon (Lair:3)
  A mana viper (Snake:1)
  5 elephants
  7 black mambas
  A merfolk siren (Lair:3)
  A naga mage (Lair:3)
  An orange demon (Lair:3)
  5 cane toads
  A guardian serpent (Lair:5)
  A torpor snail (Lair:5)
  3 komodo dragons
  3 rime drakes
  3 polar bears
  2 trolls
  2 hornets (Lair:5)
  3 dream sheep (Lair:5)
  10 blink frogs
  3 yaks
  13 wyverns
  4 basilisks
  4 redbacks (Lair:5)
  A steam dragon (Lair:3)
  A warg (Orc:2)
  An acid dragon (Lair:5)
  2 nagas (Lair:3)
  7 water moccasins
  2 swamp drakes (Lair:5)
  2 orc warriors (Orc:2)
  17 ogres
  A bullfrog (Lair:3)
  2 killer bees (Lair:2)
  5 iguanas (Lair:5)
  2 orc wizards (Orc:2)
  6 hell rats
  2 yak simulacra (Lair:3)
  2 polar bear simulacra (Lair:3)
  A wolf simulacrum (Lair:3)
  3 acid dragon simulacra (IceCv)
  11 white imps (Lair:4)
  A steam dragon simulacrum (IceCv)
  5 orcs
  A river rat simulacrum (Lair:3)
  A butterfly (Lair:1)
  A fungus (Lair:5)
171 creatures vanquished.

Vanquished Creatures (others)
  An orc knight (Orc:2)
  A rime drake (IceCv)
  5 orc warriors (Orc:2)
  6 orc priests
  8 orc wizards
  An adder (D:5)
  14 orcs
  36 fungi
  156 plants
  A withered plant (D:9)
229 creatures vanquished.

Grand Total: 810 creatures vanquished

Notes
Turn   | Place    | Note
-------+----------+-------------------------------------------
     0 | D:1      | Farfigtubin the Hill Orc Fighter began the quest for the
                  | Orb.
     0 | D:1      | Reached XP level 1. HP: 19/19 MP: 1/1
    96 | D:1      | Reached skill level 3 in Axes
   160 | D:1      | Reached XP level 2. HP: 27/27 MP: 2/2
   353 | D:1      | Reached XP level 3. HP: 33/33 MP: 3/3
   747 | D:2      | Reached skill level 4 in Axes
   938 | D:2      | Reached XP level 4. HP: 40/40 MP: 4/4
  1267 | D:2      | Noticed Sigmund
  1304 | D:2      | Killed Sigmund
  1305 | D:2      | Reached skill level 5 in Fighting
  1305 | D:2      | Reached skill level 6 in Axes
  1305 | D:2      | Reached XP level 5. HP: 36/48 MP: 5/5
  1305 | D:2      | Reached XP level 6. HP: 42/56 MP: 6/6
  1356 | D:2      | Noticed Terence
  1369 | D:2      | Killed Terence
  1894 | D:3      | Found a glowing drain.
  1910 | Sewer    | Entered a sewer
  2555 | D:3      | Found a shadowy altar of Dithmenos.
  2774 | D:3      | Upgraded the game from 0.30-a0-965-g42e074c17a to
                  | 0.30-a0-986-g7f2e898f52
  2914 | D:4      | Reached skill level 7 in Axes
  2914 | D:4      | Reached skill level 5 in Armour
  2995 | D:4      | Reached XP level 7. HP: 54/61 MP: 7/7
  3375 | D:4      | Found a staircase to the Ecumenical Temple.
  3398 | Temple   | Entered the Ecumenical Temple
  3866 | D:5      | Entered Level 5 of the Dungeon
  3962 | D:5      | Became a worshipper of Beogh the Brigand
  4084 | D:5      | Reached skill level 8 in Axes
  4289 | D:5      | Reached XP level 8. HP: 71/71 MP: 8/8
  4556 | D:5      | Reached skill level 9 in Axes
  4735 | D:6      | Got Even Beginners Can Use Wizardry!
  4782 | D:6      | Noticed a yak
  4802 | D:6      | Killed a yak
  4811 | D:6      | Noticed a yak
  4811 | D:6      | Noticed a yak
  4833 | D:5      | Killed a yak
  4834 | D:5      | Reached skill level 10 in Axes
  4904 | D:5      | Killed a yak
  5188 | D:6      | Reached XP level 9. HP: 79/79 MP: 9/9
  5280 | D:6      | Reached skill level 11 in Axes
  5282 | D:6      | Noticed Pikel
  5294 | D:6      | Killed Pikel
  5328 | D:6      | Noticed Prince Ribbit
  5334 | D:6      | Killed Prince Ribbit
  5479 | D:6      | Reached skill level 12 in Axes
  5803 | D:6      | Noticed Edmund
  5814 | D:6      | Killed Edmund
  6227 | D:7      | Found a hide-covered altar of Uskayaw.
  6308 | D:7      | Found a glowing silver altar of Zin.
  6379 | D:7      | Noticed Menkaure
  6394 | D:7      | Killed Menkaure
  6486 | D:7      | Reached XP level 10. HP: 78/91 MP: 10/10
  6496 | D:7      | Reached skill level 13 in Axes
  6596 | D:7      | Found Quinofo's Neck Hole.
  6750 | D:7      | Reached * piety under Beogh
  6756 | D:7      | Found a runed translucent gate.
  6756 | D:7      | Found a runed translucent gate.
  6756 | D:7      | Found a runed translucent gate.
  6761 | D:7      | Noticed roninjake's ghost (novice MiFi)
  6761 | D:7      | Noticed dredge's ghost (novice HuBe)
  7538 | D:8      | Identified the +0 leather armour of Xom's Anger {Harm rN++
                  | Str+3 Stlth-}
  7541 | D:8      | Found a basalt altar of Yredelemnul.
  8915 | D:8      | Reached ** piety under Beogh
  8945 | D:9      | Reached skill level 1 in Invocations
  9013 | D:9      | Reached skill level 14 in Axes
  9432 | D:9      | Found a staircase to the Lair.
  9514 | D:9      | Reached skill level 10 in Fighting
  9536 | D:9      | Identified the ring of the Scarab {Ice Str+3 Slay+4}
  9565 | D:9      | Found a runed translucent gate.
  9566 | D:9      | Found a runed translucent gate.
  9567 | D:9      | Found a runed translucent gate.
  9572 | D:9      | Identified the +0 chain mail of Mutualism {Str+6}
  9572 | D:9      | Noticed math4jedi's ghost (novice MiBe)
  9652 | D:9      | Found a hazy altar of Hepliaklqana.
 10095 | D:9      | Found a snail-covered altar of Cheibriados.
 10096 | D:9      | Found a shimmering blue altar of Sif Muna.
 10180 | D:9      | Noticed a two-headed ogre
 10181 | D:9      | Found an iron altar of Okawaru.
 10191 | D:9      | Killed a two-headed ogre
 10192 | D:9      | Reached skill level 15 in Axes
 10192 | D:9      | Reached XP level 11. HP: 78/101 MP: 12/14
 10207 | D:9      | Found a staircase to the Orcish Mines.
 10222 | D:9      | Reached *** piety under Beogh
 10517 | D:9      | Found an ancient bone altar of Kikubaaqudgha.
 10652 | D:9      | Upgraded the game from 0.30-a0-986-g7f2e898f52 to
                  | 0.30-a0-989-g0d87f670db
 10653 | Lair:1   | Entered Level 1 of the Lair of Beasts
 10722 | D:10     | Entered Level 10 of the Dungeon
 10722 | D:10     | Noticed a two-headed ogre
 10729 | D:10     | Killed a two-headed ogre
 10866 | D:10     | Reached skill level 5 in Invocations
 10979 | D:10     | Noticed Fannar
 11006 | D:10     | Killed Fannar
 11278 | D:10     | Identified the +6 long sword of Fate {venom, rPois Dex+3}
 11544 | D:10     | Reached skill level 10 in Armour
 11968 | Lair:1   | Noticed a catoblepas
 11976 | Lair:1   | Killed a catoblepas
 12140 | Lair:1   | Reached skill level 16 in Axes
 12513 | Lair:2   | Noticed a seven-headed hydra
 12524 | Lair:2   | Killed a seven-headed hydra
 12577 | Lair:2   | Reached XP level 12. HP: 31/111 MP: 17/17
 12593 | Lair:2   | Reached **** piety under Beogh
 12593 | Lair:2   | Gained Murdo as an ally
 12594 | Lair:2   | Reached skill level 5 in Shields
 12601 | Lair:2   | Gained Bogwald as an ally
 12841 | Lair:2   | Noticed a four-headed hydra
 12851 | Lair:2   | Killed a four-headed hydra
 13246 | Lair:3   | Noticed a skyshark
 13252 | Lair:3   | Killed a skyshark
 13543 | Lair:3   | Found a staircase to the Snake Pit.
 13649 | Lair:3   | Reached ***** piety under Beogh
 13651 | Lair:3   | Found a staircase to the Shoals.
 13793 | Lair:3   | Noticed Amaemon
 13799 | Lair:3   | Killed Amaemon
 14105 | Lair:4   | Found a frozen archway.
 14171 | IceCv    | Entered an ice cave
 14540 | IceCv    | Gained Orkwin as an ally
 14793 | IceCv    | Reached XP level 13. HP: 119/119 MP: 20/20
 14825 | IceCv    | Noticed a white draconian
 14832 | IceCv    | Your ally Orkwin died
 14841 | IceCv    | Killed a white draconian
 15060 | Lair:3   | Upgraded the game from 0.30-a0-989-g0d87f670db to
                  | 0.30-a0-1008-g30c9307041
 15419 | Lair:4   | Reached skill level 10 in Invocations
 15427 | Lair:4   | Found a staircase to the Slime Pits.
 15427 | Lair:4   | Found a viscous altar of Jiyva.
 15690 | Lair:5   | Entered Level 5 of the Lair of Beasts
 15778 | Lair:5   | Reached skill level 10 in Shields
 15787 | Lair:5   | Found a hazy altar of Hepliaklqana.
 16462 | Lair:5   | Noticed a fire dragon
 16470 | Lair:5   | Killed a fire dragon
 16752 | Lair:5   | Identified the +11 battleaxe of Blood-Lust {heavy, Contam
                  | rPois Dex+5}
 16864 | Lair:5   | Gained mutation: You occasionally lose the ability to drink
                  | potions when taking damage. [mutagenic glow]
 17568 | Lair:4   | Upgraded the game from 0.30-a0-1008-g30c9307041 to
                  | 0.30-a0-1016-gfb0d676c02
 17658 | Orc:1    | Entered Level 1 of the Orcish Mines
 17661 | Orc:1    | Found a bloodstained altar of Trog.
 17669 | Orc:1    | Noticed Erica
 17674 | Orc:1    | Killed Erica
 17675 | Orc:1    | Reached XP level 14. HP: 130/130 MP: 22/22
 17836 | Orc:2    | Entered Level 2 of the Orcish Mines
 17836 | Orc:2    | Found a staircase to the Elven Halls.
 17922 | Orc:1    | Found Dosisuef's Armour Boutique.
 18086 | Orc:2    | Noticed Saint Roka
 18256 | Orc:2    | Noticed an orc warlord
 18263 | Orc:2    | Gained Thorok as an ally
 18270 | Orc:2    | Killed an orc warlord
 18443 | Orc:2    | Gained Bogbarth as an ally
 18443 | Orc:2    | Your ally Bogbarth died
 18458 | Orc:2    | Paralysed by an ogre mage for 5 turns
 18463 | Orc:2    | Reached ****** piety under Beogh
 18476 | Orc:2    | Gained Geork as an ally
 18479 | Orc:2    | Your ally Thorok died
 18489 | Orc:2    | Your ally Geork died
 18514 | Orc:2    | Found Jaipnoo's Armour Shop.
 18514 | Orc:2    | Found Ixtuchu's Antique Weapon Shoppe.
 18603 | Orc:2    | Found Ahuwaog's Antique Armour Shop.
 18603 | Orc:2    | Found Woiphoot's Magic Scroll Emporium.
 19575 | D:11     | Paralysed by a hornet for 2 turns
 19812 | Snake:1  | Entered Level 1 of the Snake Pit
 19812 | Snake:1  | Noticed Frances
 19830 | Lair:3   | Killed Frances
 19958 | Snake:1  | HP: 5/133 [naga mage/+0 club (3)]
 20463 | Snake:1  | Gained Gorg as an ally
 20464 | Snake:1  | Gained Bogdar as an ally
 20468 | Snake:1  | HP: 3/133 [black mamba[a naga ritualist] (11)]
 20469 | Snake:1  | Succumbed to a black mamba's poison

Illustrated notes

Levels and vault maps discovered:
D:1:      dpeg_arrival_stone_temple_mockup, layout_loops_ring
D:2:      layout_loops_ring, uniq_terence, uniq_sigmund
D:3:      layout_basic, mainiacjoe_overflow_tiny_flanked, portal_sewer_entry_f,
          columned_hall_lemuel
D:4:      layout_loops_ring, minmay_temple_entry_grid
D:5:      layout_loops_cross
D:6:      layout_layer_cave, uniq_pikel, uniq_edmund, uniq_prince_ribbit1
D:7:      kennysheep_kobold_camp, layout_basic, mainiacjoe_overflow_boulevard,
          nicolae_uskayaw_dance_hall, serial_aquarium,
          aquarium_bridge_long_separate [aquarium_subvault_balcony,
          aquarium_subvault_wall, aquarium_subvault_bridge,
          aquarium_subvault_bridge, aquarium_subvault_bridge,
          aquarium_subvault_balcony], aquarium_window_corridor_3,
          aquarium_window_2, aquarium_window_1, aquarium_window_fake,
          aquarium_view_2b, aquarium_pool_S, gammafunk_ghost_cemetery,
          nicolae_shop_sticking_my_neck_out, uniq_menkaure
D:8:      layout_basic, general_overflow_altar, grunt_ogre_cave,
          minmay_misc_feat_roman
D:9:      lemuel_ice_statue, layout_gridville, kiku_gazebo_pond_becter,
          mainiacjoe_overflow_divided_tiny, lemuel_doored_altar,
          erik_lair_island, orc_0_dummy, serial_undead, serial_undead_f,
          serial_undead_d, serial_undead_f, serial_undead_b,
          biasface_ghost_orc_armoury, david_defended_altar_orc
D:10:     layout_irregular_city, uniq_fannar
D:11:     layout_irregular_city, serial_shops, nicolae_square_shop
Temple:   minmay_temple_curvy_branch
Lair:1:   layout_gridlike, lemuel_fruit_fields, serial_bayou_shore_a
Lair:2:   layout_roguey [special_room_bee]
Lair:3:   layout_chaotic_city, minmay_shoals_entry_lonely_mermaid,
          guppyfry_snake_entry_garden, eino_house_with_fridge, uniq_amaemon
Lair:4:   layout_hall_layers, slime_entry_1, portal_ice_cave_entry_imps
Lair:5:   guppyfry_lair_end_dragon, layout_layer_cave,
          hangedman_lair_tendril_chambers, basic_altar
Snake:1:  layout_cave_shapes, nicolae_triple_integral, uniq_frances, uniq_nikola
Orc:1:    layout_caves, basic_altar, serial_shops, shop, uniq_erica
Orc:2:    st_orc_ogre_mass, layout_diamond_mine, uniq_saint_roka

Skill      XL: |  1  2  3  4  5  6  7  8  9 10 11 12 13 14 |
---------------+-------------------------------------------+-----
Axes           | 3 4 6 7 8 10 12 15 16 | 16.1
Fighting       | 4 5 6 7 9 10 11 12 13 14 | 14.6
Armour         | 4 5 6 8 9 10 11 12 13 | 13.0
Invocations    | 4 7 9 11 12 | 12.4
Shields        | 4 8 11 12 | 12.9
Long Blades    | |  0.8

Action                     |  1- 3 |  4- 6 |  7- 9 | 10-12 | 13-15 || total
---------------------------+-------+-------+-------+-------+-------++-------
  Melee: War axe           |    84 |   176 |   222 |   781 |   263 ||  1526
         Battleaxe         |       |       |       |       |     6 ||     6
         Long sword        |       |       |       |       |    17 ||    17
  Throw: Stone             |    10 |     8 |     1 |       |       ||    19
         Dart              |       |     1 |     5 |     3 |       ||     9
         Boomerang         |       |       |    40 |    36 |     2 ||    78
 Invoke: Convert to Beogh  |       |       |     1 |       |       ||     1
         Smiting           |       |       |       |     6 |    10 ||    16
         Recall Orcish Fol |       |       |       |     2 |     5 ||     7
         Give Item to Name |       |       |       |       |     1 ||     1
         Stop Recall       |       |       |       |       |     2 ||     2
         Resurrection      |       |       |       |       |     1 ||     1
  Evoke: Wand              |       |       |       |    14 |     4 ||    18
    Use: Scroll            |       |     4 |     3 |     5 |     3 ||    15
         Potion            |       |       |     1 |    11 |    12 ||    24
   Stab: Paralysed         |       |       |       |    12 |     1 ||    13
         Distracted        |       |       |       |     5 |     8 ||    13
         Confused          |       |       |       |     1 |       ||     1
 Armour: Scale mail        |    30 |       |       |       |       ||    30
         Plate armour      |    20 |   124 |   116 |   445 |   196 ||   901
  Dodge: Dodged            |    33 |    35 |    45 |   191 |    76 ||   380
  Block: Buckler           |    16 |    41 |    38 |    95 |       ||   190
         Kite shield       |       |       |       |   114 |   160 ||   274

Table legend: (Time is in decaauts)
 A = Elapsed time spent in this place.
 B = Non-inter-level travel time spent in this place.
 C = Inter-level travel time spent in this place.
 D = Time resting spent in this place.
 E = Time spent auto-exploring this place.
 F = Levels seen in this place.
 G = Mean time per level.
                   A        B        C        D        E       F      G
               +--------+--------+--------+--------+--------+-----+--------+
         Total |  20636 |  19543 |   1093 |   4645 |   5335 |  22 |  938.0 |
       Dungeon |  11576 |  11057 |    519 |   2085 |   5085 |  11 | 1052.4 |
        Temple |    255 |    255 |      0 |      0 |    250 |   1 |  255.0 |
          Lair |   5659 |   5173 |    486 |   1641 |      0 |   5 | 1131.8 |
     Snake Pit |    175 |    175 |      0 |      0 |      0 |   1 |  175.0 |
  Orcish Mines |   1764 |   1678 |     86 |    532 |      0 |   2 |  882.0 |
         Sewer |    422 |    422 |      0 |     26 |      0 |   1 |  422.0 |
      Ice Cave |    781 |    781 |      0 |    360 |      0 |   1 |  781.0 |
               +--------+--------+--------+--------+--------+-----+--------+

Top non-repeatable levels by time:
     D:9: 2030 daAuts
  Lair:5: 1863 daAuts
     D:7: 1671 daAuts
     D:6: 1341 daAuts
  Lair:3: 1231 daAuts
   Orc:2: 1222 daAuts
     D:8: 1179 daAuts
     D:2: 1024 daAuts
  Lair:2: 974 daAuts
    D:10: 912 daAuts
     D:5: 907 daAuts
  Lair:1: 852 daAuts
     D:4: 841 daAuts
   IceCv: 781 daAuts
     D:1: 763 daAuts
